 Dungeon Crawl Stone Soup version 0.31.0-11-ge490571c62 (webtiles) character file.

Game seed: 7701774097590724028

79 Gadfly the Insei (level 4, -2/35 HPs)
             Began as a Demonspawn Monk on Feb 1, 2024.
             Slain by a gnoll
             ... wielding a +0 club
              (6 damage)
             ... on level 2 of the Dungeon.
             The game lasted 00:02:33 (1669 turns).

Gadfly the Insei (Demonspawn Monk)                  Turns: 1669, Time: 00:02:34

Health: -2/35      AC:  2    Str: 13    XL:     4   Next: 17%
Magic:  5/5        EV: 13    Int: 10    God:
Gold:   101        SH:  0    Dex: 16    Spells: 2/3 levels left

rFire   . .          .
                       - Unarmed
rCold   . . .        c - orb {light}
rNeg    . . .        a - +0 robe
rPois   .            (no helmet)
rElec   .            (no cloak)
rCorr   .            (no gloves)
SInv    .            (no boots)
Will    .....        (no amulet)
Stlth   +            (no ring)
HPRegen 0.25/turn    (no ring)
MPRegen 0.09/turn

%: no passive effects
@: lethally poisoned (-2 -> -4), glowing
A: claws 1
a: no special abilities


You were on level 2 of the Dungeon.
You visited 1 branch of the dungeon, and saw 2 of its levels.

You collected 101 gold pieces.

Inventory:

Armour
 a - a +0 robe (worn)
 c - an orb of light (worn)
Scrolls
 d - a scroll of amnesia {unknown}
 g - a scroll of teleportation
 i - a scroll of blinking {unknown}
Potions
 b - a potion of ambrosia
 e - a potion of degeneration {unknown}
 f - 3 potions of curing {unknown}
 h - a potion of magic {unknown}
 j - a potion of cancellation {unknown}


   Skills:
 - Level 3.1 Fighting
 + Level 2.9 Dodging
 * Level 3.2 Unarmed Combat
 + Level 1.5 Invocations
 * Level 1.5 Evocations
 * Level 1.3 Shapeshifting


You had 2 spell levels left.
You knew the following spells:

 Your Spells              Type           Power      Damage    Failure   Level
a - Apportation           Tloc           0%         N/A       36%         1

Your spell library contained the following spells:

 Spells                   Type           Power      Damage    Failure   Level
 Jinxbite                 Hex            0%         N/A       50%         2
 Alistair's Intoxication  Alch           0%         N/A       100%        5


Dungeon Overview and Level Annotations

Branches:
Dungeon (2/15)

Altars:


Innate Abilities, Weirdness & Mutations

You have sharp fingernails.


Message History

You start resting.
HP restored.
Found a stone staircase leading up.
A gnoll comes into view. It is wielding a +0 club.
The gnoll shouts!
An adder comes into view.
There are monsters nearby!
There are monsters nearby!
A gnoll comes into view. It is wielding a +0 halberd.
The gnoll shouts!
A gnoll comes into view. It is wielding a +0 flail.
The gnoll shouts!
You hear a shout!
The gnoll hits you with a +0 club.
You scratch the gnoll.
The gnoll is moderately wounded.
The adder bites you.
You scratch the gnoll.
The gnoll is severely wounded.
The adder bites you. The gnoll closely misses you.
The gnoll hits you from afar with a +0 halberd!
The adder barely misses you. The gnoll attacks as it pursues you!
The gnoll misses you. The gnoll misses you.
A gnoll comes into view. It is wielding a +0 whip.
The gnoll attacks as it pursues you! The gnoll hits you with a +0 club!
The adder attacks as it pursues you! The adder bites you.
The gnoll attacks as it pursues you! The gnoll closely misses you.
The adder bites you.
* * * LOW HITPOINT WARNING * * *
You are poisoned.
The adder poisons you!
You feel sick. The adder attacks as it pursues you!
The adder closely misses you. The gnoll attacks as it pursues you!
The gnoll hits you from afar with a +0 halberd.
* * * LOW HITPOINT WARNING * * *
There is a stone staircase leading up, spattered with blood here.
You feel sick. The adder bites you.
* * * LOW HITPOINT WARNING * * *
The gnoll hits you with a +0 club.
You die...

#.)#####..#
#.....##..# #..
#.###.##..# #.#
###.###.#...####.#
...............#.#
.##.###.#.#.##.#.#
#. #.#.#.##.#.# #.
##.#.#.##.#.#
.......@Sg.g########
........g.....g.....
####.####.....###.##
...# #####.# ## .#
.# .# .# ##


You could see 4 gnolls and an adder.

Vanquished Creatures
  3 adders (D:2)
  2 ribbon worms (D:2)
  2 ball pythons (D:1)
  5 bats
  3 endoplasms (D:1)
  2 hobgoblins
  8 jackals
  4 quokkas
  7 frilled lizards
  5 goblins (D:1)
  4 kobolds
  4 rats
49 creatures vanquished.

Notes
Turn   | Place    | Note
-------+----------+-------------------------------------------
     0 | D:1      | Gadfly the Demonspawn Monk began the quest for the Orb.
     0 | D:1      | Reached XP level 1. HP: 18/18 MP: 1/1
    38 | D:1      | Gained mutation: You have sharp fingernails. [demonic
                  | ancestry]
    38 | D:1      | Reached XP level 2. HP: 9/24 MP: 2/2
   101 | D:1      | Reached skill level 1 in Invocations
   413 | D:1      | Reached skill level 1 in Evocations
   696 | D:1      | Reached XP level 3. HP: 29/29 MP: 3/3
  1131 | D:1      | Learned a level 1 spell: Apportation
  1260 | D:2      | Reached skill level 1 in Shapeshifting
  1481 | D:2      | Reached XP level 4. HP: 13/35 MP: 5/5
  1669 | D:2      | Slain by a gnoll

Illustrated notes

Levels and vault maps discovered:
D:1:      minmay_arrival_five_plusses, layout_basic, serial_glass,
          glass_columns_a, glass_columns_c
D:2:      layout_loops_ring

Skill      XL: |  1  2  3 |
---------------+----------+-----
Invocations    | 1 |  1.5
Evocations     | 1 |  1.5
Unarmed Combat | 3 |  3.2
Shapeshifting  | 1 |  1.3
Fighting       | |  3.1
Dodging        | |  2.9

Action                     |  1- 3 |  4- 6 || total
---------------------------+-------+-------++-------
  Melee: Unarmed           |   140 |    10 ||   150
    Use: Scroll            |     4 |       ||     4
 Armour: Robe              |    81 |    13 ||    94
  Dodge: Dodged            |   130 |    10 ||   140
